 Dungeon Crawl Stone Soup version 0.29.0-4-gdea44cf6ec (webtiles) character file.

Game seed: 6733131990688023556

8 qw the Chopper (level 2, -1/24 HPs)
             Began as a Barachi Chaos Knight on Sept 4, 2022.
             Slain by a hellwing (7 damage)
             ... summoned by Xom
             ... on level 1 of the Dungeon.
             The game lasted 00:00:07 (261 turns).

qw the Chopper (Barachi Chaos Knight)                Turns: 261, Time: 00:00:08

Health: -1/24      AC:  5    Str: 13      XL:     2   Next: 8%
Magic:  2/2        EV: 11    Int: 12      God:
Gold:   23         SH:  0    Dex:  7 (9)  Spells: 1/1 levels left

rFire   . . .      SeeInvis .   a - +0 hand axe (chaos)
rCold   . . .      Faith    .   (no shield)
rNeg    . . .      Spirit   .   b - +2 leather armour
rPois   .          Reflect  .   (no helmet)
rElec   .          Harm     .   (no cloak)
rCorr   .          Rampage  .   (no gloves)
Will    .....                   (no boots)
Stlth   +.........              (no amulet)
HPRegen 0.08/turn               (no ring)
MPRegen 0.08/turn               (no ring)

@: unable to drink, slow
A: amphibious, slowness 1, strong legs 1, +LOS, clumsy 1, inability to drink
after injury 1
a: Hop


You were on level 1 of the Dungeon.
You visited 1 branch of the dungeon, and saw 1 of its levels.

You collected 23 gold pieces.


Innate Abilities, Weirdness & Mutations

You are amphibious.
You cover ground slowly.
You can hop short distances.
You have an extended range of vision and can be seen from far away.
You are clumsy. (Dex -2)
You occasionally lose the ability to drink potions when taking damage.


   Skills:
 - Level 3.6 Fighting
 + Level 3.9 Axes
 - Level 2.4 Armour
 - Level 1.1 Dodging


You had one spell level left.
You didn't know any spells.
Your spell library was empty.

Inventory:

Hand Weapons
 a - a +0 hand axe of chaos (weapon)
Armour
 b - a +2 leather armour (worn)
Scrolls
 d - a scroll of amnesia {unknown}
 h - a scroll of poison {unknown}
 i - a scroll of identify {unknown}
Potions
 e - a potion of degeneration {unknown}
 f - a potion of might {unknown}
 g - a potion of lignification {unknown}
Miscellaneous
 c - a piece from Xom's chessboard (15/15)

Dungeon Overview and Level Annotations

Branches:
Dungeon (1/15)

Altars:


Message History

You closely miss the hellwing. You closely miss the quasit.
You hit the crimson imp. You hit the quasit. You burn the quasit.
You hit the soul eater but do no damage.
The soul eater suddenly seems more agile.
You barely miss the white imp. You miss the quasit.
The quasit is heavily wounded.
You hit the soul eater but do no damage.
You hit the hellwing but do no damage. You barely miss the white imp.
You hit the quasit but do no damage. You barely miss the crimson imp.
The quasit bites you but does no damage.
The quasit claws you.
You feel clumsy. The quasit closely misses you. The quasit barely misses you.
The quasit claws you but does no damage.
The quasit closely misses you.
The soul eater draws from the surrounding life force!
The white imp gestures at you. The puff of frost hits you!
The crimson imp hits you but does no damage.
The hellwing closely misses you. The hellwing barely misses you.
You hit the quasit.
The quasit is heavily wounded.
You hit the crimson imp but do no damage.
You barely miss the soul eater. You hit the hellwing but do no damage.
The hellwing is poisoned.
You hit the white imp but do no damage.
The white imp seems to speed up.
You hit the quasit.
The quasit convulses.
The quasit bites you.
You feel clumsy.
The quasit claws you but does no damage. x2
The white imp gestures at you. The puff of frost misses you.
The puff of frost hits the quasit.
The quasit resists.
The quasit barely misses you. The quasit completely misses you.
The quasit misses you. The soul eater barely misses you.
The hellwing hits you but does no damage.
The hellwing hits you!
You feel threatened and lose the ability to drink potions!
You die... "What!?
That's it?"

#############
#...........########
#.#########.#......#
#.# #.#......# #.#
##### #.#......#
#.###555###.#......#
#..54@54#.#........#
#####535#.####.#######
#455#.####.......#
###.##............#
#.....%####.......#
#......# #.......#
#......# #.......#
######.# #.......# #.#
#####....


You could see a soul eater (summoned, agile), a hellwing (summoned, poisoned), 2
chaos spawn, 3 quasits, a crimson imp (summoned), a white imp (summoned, fast),
3 shadow imps and an ufetubus (summoned).

Vanquished Creatures
  2 giant cockroaches (D:1)
  3 jackals (D:1)
  A bat (D:1)
  A rat (D:1)
7 creatures vanquished.

Notes
Turn   | Place    | Note
-------+----------+-------------------------------------------
     0 | D:1      | qw the Barachi Chaos Knight began the quest for the Orb.
     0 | D:1      | Reached XP level 1. HP: 18/18 MP: 1/1
     0 | D:1      | 0 ||| qw: Version: 0.1-a-103-gd6f5d3a
     0 | D:1      | 0 ||| qw: Game counter: 5632
     0 | D:1      | 0 ||| qw: Always use a shield: true
     0 | D:1      | 0 ||| qw: God list: Okawaru
     0 | D:1      | 0 ||| qw: Allow faded altars: false
     0 | D:1      | 0 ||| qw: Do Orc after D:15 true
     0 | D:1      | 0 ||| qw: Do second Lair branch before Depths: true
     0 | D:1      | 0 ||| qw: Lair rune preference: random
     0 | D:1      | 0 ||| qw: Plans: Normal
     0 | D:1      | 0 ||| PLANNING D:1-11
     0 | D:1      | Fell from the grace of Xom
   145 | D:1      | 145 ||| Stepping ~*~*~tactically~*~*~ (stealth).
   173 | D:1      | Reached XP level 2. HP: 24/24 MP: 2/2
   190 | D:1      | XOM: give mutations
   190 | D:1      | Gained mutation: Your body sometimes deteriorates upon
                  | taking damage. [Xom's mischief]
   190 | D:1      | Lost mutation: Your body sometimes deteriorates upon taking
                  | damage. [Xom's mischief]
   190 | D:1      | Gained mutation: You occasionally lose the ability to drink
                  | potions when taking damage. [Xom's mischief]
   190 | D:1      | Gained mutation: You are clumsy. (Dex -2) [Xom's mischief]
   258 | D:1      | XOM: summons 13 hostile demons
   259 | D:1      | Noticed a hellwing
   259 | D:1      | Noticed a soul eater
   259 | D:1      | Noticed a crimson imp
   259 | D:1      | Noticed a chaos spawn
   259 | D:1      | Noticed a chaos spawn
   261 | D:1      | HP: 6/24 [quasit[Xom] (3)]
   261 | D:1      | Slain by a hellwing

Levels and vault maps discovered:
D:1:      tarquinn_simple_flora_water_e, layout_basic,
          chequers_ecumenical_altar_simple_redux

Action                   || total
-------------------------++-------
Melee: Hand axe          ||    17
Invok: Renounce Religion ||     1
Armor: Leather armour    ||    13
Dodge: Dodged            ||    17

Table legend:
 A = Non-vault XP
 B = Vault XP
 C = Vault XP percentage of total XP
 D = Non-vault monster count
 E = Vault monster count
 F = Vault count percentage of total count
                 A         B        C        D         E       F
            +---------+---------+-------+---------+---------+-------
      Total |      12 |       0 |   0.0 |       7 |       0 |   0.0
            +---------+---------+-------+---------+---------+-------
        D:1 |      12 |       0 |   0.0 |       7 |       0 |   0.0
            +---------+---------+-------+---------+---------+-------
